 Dungeon Crawl Stone Soup version 0.29-a0-717-g6dac4ea423 (webtiles) character file.

Game seed: 10161058644700753682

182 sammy202020 the Trooper (level 5, -3/48 HPs)
             Began as a Minotaur Fighter on June 27, 2022.
             Slain by a gnoll
             ... wielding a +0 halberd
              (6 damage)
             ... on level 3 of the Dungeon.
             The game lasted 00:02:39 (1802 turns).

sammy202020 the Trooper (Minotaur Fighter)          Turns: 1802, Time: 00:02:40

Health: -3/48      AC: 11    Str: 20    XL:     5   Next: 35%
Magic:  4/4        EV:  6    Int:  7    God:
Gold:   161        SH:  5    Dex: 10    Spells: 4/4 levels left

rFire   . . .      SeeInvis +   a - +0 war axe
rCold   + . .      Faith    .   c - +1 buckler
rNeg    . . .      Spirit   .   p - +0 plate armour
rPois   .          Reflect  .   (helmet restricted)
rElec   .          Harm     .   (no cloak)
rCorr   .          Rampage  .   (no gloves)
Will    .....                   (no boots)
Stlth   ..........              (no amulet)
HPRegen 0.16/turn               i - ring of see invisible
MPRegen 0.09/turn               j - ring of protection from cold

@: mighty, lethally poisoned (-3 -> -11)
A: horns 2, retaliatory headbutt
a: no special abilities


You were on level 3 of the Dungeon.
You visited 1 branch of the dungeon, and saw 3 of its levels.

You collected 161 gold pieces.

Inventory:

Hand Weapons
 a - a +0 war axe (weapon)
Armour
 c - a +1 buckler (worn)
 p - a +0 plate armour (worn)
Jewellery
 b - a +6 ring of intelligence
 i - a ring of see invisible (left hand)
 j - a ring of protection from cold (right hand)
Scrolls
 h - a scroll of magic mapping {unknown}
 l - 2 scrolls of immolation {unknown}
 m - 2 scrolls of noise {unknown}
 n - a scroll of identify {unknown}
Potions
 e - a potion of heal wounds {unknown}
 f - a potion of brilliance {unknown}
 g - a potion of haste {unknown}
 k - a potion of cancellation {unknown}
 o - a potion of mutation {unknown}


   Skills:
 * Level 5.0 Fighting
 * Level 4.2 Axes
 + Level 4.3 Armour
 + Level 1.7 Dodging
 + Level 4.3 Shields


You had 4 spell levels left.
You didn't know any spells.
Your spell library contained the following spells:

 Spells                   Type           Power      Damage    Failure   Level
 Leda's Liquefaction      Hex/Erth       0%         N/A       100%        4
 Lee's Rapid Deconstruct  Erth           0%         3d5*      100%        5
 Statue Form              Tmut/Erth      0%         N/A       100%        6


Dungeon Overview and Level Annotations

Branches:
Dungeon (3/15)

Altars:

Annotations:
D:3 1 transporter


Innate Abilities, Weirdness & Mutations

You have a pair of horns on your head.
You reflexively headbutt those who attack you in melee.


Message History

You hit the plant.
A nearby plant withers and dies.
The gnoll hits the plant with a +2 spear of venom!
The plant begins to die.
The gnoll hits you but does no damage.
You are poisoned.
You feel sick. You block the gnoll's attack.
There is a transporter landing site here.
Sorry, you're not good enough to have a special ability.
You feel very mighty all of a sudden.
You feel sick.
The gnoll hits you with a +4 spear of venom!
You are more poisoned.
You slash the gnoll!
You kill the gnoll!
You slash the plant!
The plant begins to die.
You feel very sick.
You feel very sick. The gnoll barely misses you.
Things that are here:
a +4 spear of venom; a gnoll corpse You feel sick.
A nearby plant withers and dies.
The gnoll barely misses you. You furiously retaliate!
You headbutt the gnoll. You closely miss the gnoll.
The gnoll is heavily wounded.
You slash the plant!
You feel sick.
The gnoll hits you with a +2 spear of venom.
You are more poisoned.
The gnoll hits you from afar with a +0 halberd!
You slice the gnoll!!
You kill the gnoll!
You slash the plant!
* * * LOW HITPOINT WARNING * * *
You feel very sick.
A nearby plant withers and dies.
The gnoll hits you but does no damage.
The gnoll hits you from afar with a +0 halberd!
* * * LOW HITPOINT WARNING * * *
Your Fighting skill increases to level 5!
* * * LOW HITPOINT WARNING * * *
You feel very sick. The gnoll hits you with a +0 halberd.
You die...

####..≈≈≈≈≈≈≈≈≈≈≈...≈≈≈≈≈≈≈≈≈≈≈.#
###.≈≈≈≈≈≈≈≈≈≈≈...≈≈≈≈≈≈≈≈≈≈≈.#
#...≈≈#####...........#####≈≈..
#...≈≈#.#.#.###.©.###.#g#g#≈≈.#
#...≈≈#.[.###.#####.###g..#≈≈.#
#.#.≈≈###.........g...g.###≈≈.#
#.#.≈≈.8#.##'###)######.#8.≈≈.#
###.#.≈≈.##.#P.P#..8# ..#.##.≈≈.#
..#.#.≈≈.#..+...@.©⌠# .'..#.≈≈..
....#.≈≈.##.#P.g#.)8# #.##.≈≈.#
....>.≈≈.8#.##'###'######.#8.≈≈.#
#.##..≈≈###...............###≈≈.#
#†##..≈≈#...###.#####©###..g#≈≈.#
#.##..≈≈#.#g#.###.©.###.#.#.#≈≈.#
#.###.≈≈#####....)......#####≈≈.#
... #.≈≈≈≈≈≈≈≈≈≈≈≈≈≈≈≈≈≈≈≈≈≈≈≈≈..
... #.≈≈≈≈≈≈≈≈≈≈≈≈≈≈≈≈≈≈≈≈≈≈≈≈≈.#


You could see 2 gnolls.

Vanquished Creatures
  An orc priest (D:3)
  An orc wizard (D:3)
  3 gnolls (D:3)
  4 adders
  A dart slug (D:2)
  2 orcs (D:3)
  6 ball pythons
  6 bats
  6 endoplasms
  4 giant cockroaches
  7 goblins
  4 hobgoblins
  A quokka (D:1)
  4 frilled lizards (D:1)
  7 kobolds (D:1)
  4 rats
61 creatures vanquished.

Vanquished Creatures (others)
  3 plants (D:3)
3 creatures vanquished.

Grand Total: 64 creatures vanquished

Notes
Turn   | Place    | Note
-------+----------+-------------------------------------------
     0 | D:1      | sammy202020 the Minotaur Fighter began the quest for the
                  | Orb.
     0 | D:1      | Reached XP level 1. HP: 19/19 MP: 0/0
   104 | D:1      | Reached XP level 2. HP: 27/27 MP: 1/1
   264 | D:1      | Found a faded altar of an unknown god.
   303 | D:1      | Reached skill level 4 in Fighting
   496 | D:1      | Reached XP level 3. HP: 28/33 MP: 2/2
   695 | D:2      | Reached skill level 1 in Dodging
   865 | D:2      | Reached XP level 4. HP: 41/41 MP: 3/3
  1365 | D:3      | Reached XP level 5. HP: 10/47 MP: 4/4
  1729 | D:3      | Found a transporter.
  1775 | D:3      | Found a transporter.
  1802 | D:3      | Reached skill level 5 in Fighting
  1802 | D:3      | Slain by a gnoll

Illustrated notes

Levels and vault maps discovered:
D:1:      scummos_arrival_checkerplants, layout_basic,
          ebering_ecumenical_altar_hall, kennysheep_minor_cross
D:2:      layout_loops_ring
D:3:      layout_loops_ring, gammafunk_ghost_gnarly_gnolls, uniq_robin

Skill      XL: |  1  2  3  4  5 |
---------------+----------------+-----
Fighting       | 4 5 |  5.0
Axes           | 3 4 |  4.2
Armour         | 4 |  4.3
Dodging        | 1 |  1.7
Shields        | 4 |  4.3

Action                   |  1- 3 |  4- 6 || total
-------------------------+-------+-------++-------
Melee: War axe           |    70 |    49 ||   119
       Headbutt          |     8 |     9 ||    17
  Use: Scroll            |     2 |       ||     2
       Potion            |       |     1 ||     1
Armor: Scale mail        |    41 |    14 ||    55
       Plate armour      |       |     3 ||     3
Dodge: Dodged            |    29 |    16 ||    45
Block: Buckler           |    21 |    15 ||    36

Table legend: (Time is in decaauts)
 A = Elapsed time spent in this place.
 B = Non-inter-level travel time spent in this place.
 C = Inter-level travel time spent in this place.
 D = Time resting spent in this place.
 E = Time spent auto-exploring this place.
 F = Levels seen in this place.
 G = Mean time per level.
                   A        B        C        D        E       F      G
               +--------+--------+--------+--------+--------+-----+--------+
         Total |   1845 |   1845 |      0 |      0 |   1417 |   3 |  615.0 |
       Dungeon |   1845 |   1845 |      0 |      0 |   1417 |   3 |  615.0 |
               +--------+--------+--------+--------+--------+-----+--------+

Top non-repeatable levels by time:
     D:2: 681 daAuts
     D:1: 677 daAuts
     D:3: 486 daAuts
